 Dungeon Crawl Stone Soup version 0.29.0-11-gd7f09526c8 (webtiles) character file.

Game seed: 3078542821816800915

11295 Zeldest the Covert (level 11, -27/62 HPs)
             Began as a Vine Stalker Brigand on Sept 6, 2022.
             Was a Believer of Dithmenos.
             Annihilated by Urug
             ... wielding a +2 demon trident of venom
              (28 damage)
             ... on level 1 of the Lair of Beasts.
             The game lasted 01:01:58 (10071 turns).

Zeldest the Covert (Vine Stalker Brigand)          Turns: 10071, Time: 01:01:59

Health: -27/62     AC:  6    Str: 20    XL:     11   Next: 75%
Magic:  0/18       EV: 11    Int: 13    God:    Dithmenos [**....]
Gold:   544        SH:  6    Dex: 18    Spells: 10/10 levels left

rFire   + . .      SeeInvis .   a - +2 dagger (venom)
rCold   + + .      Faith    .   C - +2 buckler
rNeg    . . .      Spirit   +   w - +2 robe {rC+ rF+}
rPois   .          Reflect  .   u - +0 helmet
rElec   .          Harm     .   q - scarf {shadows}
rCorr   .          Rampage  .   (no gloves)
Will    .....                   L - +0 pair of boots
Stlth   +++++++...              (no amulet)
HPRegen 1.00/turn               v - ring of protection from cold
MPRegen 0.16/turn               A - +6 ring of strength

@: about to teleport, weak-willed, wreathed by umbra
A: fangs 3, regeneration 1, magic shield, antimagic bite, no potion heal 2
a: Renounce Religion, Shadow Step


You were on level 1 of the Lair of Beasts.
You worshipped Dithmenos.
Dithmenos was pleased with you.
You visited 3 branches of the dungeon, and saw 12 of its levels.

You collected 544 gold pieces.

Inventory:

Hand Weapons
 a - a +2 dagger of venom (weapon)
 b - the +9 spear of Ryicar {vorpal, *Slow rElec rF+ rN+}
   (You found it on level 9 of the Dungeon)

   It inflicts extra damage upon your enemies.
   rF:        It protects you from fire.
   rElec:     It insulates you from electricity.
   rN:        It protects you from negative energy.
   *Slow:     It may slow you when you take damage.
 H - a +2 dagger of chaos
Missiles
 d - 12 poisoned darts
 j - 5 boomerangs
 p - 2 silver boomerangs
 B - a curare-tipped dart (quivered)
Armour
 q - a scarf of shadows (worn)
 u - a +0 helmet (worn)
 w - a +2 robe of resistance (worn)
 C - a +2 buckler (worn)
 D - +0 swamp dragon scales
 L - a +0 pair of boots (worn)
 M - a scarf of repulsion
Magical Staves
 o - a staff of poison
Jewellery
 v - a ring of protection from cold (left hand)
 A - a +6 ring of strength (right hand)
Wands
 E - a wand of quicksilver (2)
 G - a wand of flame (15)
 I - a wand of charming (3)
 N - a wand of polymorph (4)
Scrolls
 c - a scroll of acquirement {unknown}
 f - a scroll of poison
 i - 2 scrolls of fog
 l - a scroll of fear
 n - a scroll of noise
 s - 2 scrolls of enchant weapon
 x - a scroll of enchant armour {unknown}
 y - 2 scrolls of magic mapping
Potions
 r - 2 potions of brilliance
 t - 2 potions of curing
 z - a potion of haste
 F - a potion of flight {unknown}
 J - a potion of might {unknown}
 K - 5 potions of lignification
 O - a potion of mutation {unknown}


   Skills:
 + Level 9.0 Fighting
 + Level 8.7 Short Blades
 - Level 2.6 Throwing
 - Level 0.7 Dodging
 + Level 12.9 Stealth
 + Level 8.3 Invocations


You had 10 spell levels left.
You didn't know any spells.
Your spell library contained the following spells:

 Spells                   Type           Power      Damage    Failure   Level
 Foxfire                  Conj/Fire      0%         2x1d4     38%         1
 Slow                     Hex            0%         N/A       38%         1
 Call Canine Familiar     Summ           0%         N/A       77%         3
 Confusing Touch          Hex            0%         N/A       77%         3
 Dazzling Flash           Conj/Hex       0%         N/A       77%         3
 Portal Projectile        Hex/Tloc       0%         N/A       77%         3
 Vampiric Draining        Necr           0%         2d6       77%         3
 Iskenderun's Mystic Bla  Conj/Tloc      0%         2d3       99%         4
 Leda's Liquefaction      Hex/Erth       0%         N/A       99%         4
 Starburst                Conj/Fire      0%         6d3       100%        6


Dungeon Overview and Level Annotations

Branches:
Dungeon (10/15) Zot: 25950  Temple (1/1) D:7 Zot: 5985    Lair (1/5) D:10 Zot: 5787
    Orc: D:9-12

Altars:
Ashenzari
Cheibriados
Dithmenos
Gozag
Hepliaklqana
Makhleb
Okawaru
Ru
Sif Muna
Uskayaw
Wu Jian
Xom
Yredelemnul
Zin

Shops:
D:5 *

Portals:
Gauntlet: Lair:1

Annotations:
D:2 exclusion: door
D:3 exclusion: orc priest, Grinder
D:6 2 transporters, exclusion: jelly
D:8 exclusion: wight
D:9 exclusion: orange crystal statue
Lair:1 Urug


Innate Abilities, Weirdness & Mutations

You have razor-sharp teeth.
Your natural rate of healing is unusually fast.
When hurt, damage is shared between your health and your magic reserves.
Your bite disrupts and absorbs the magic of your enemies.
Potions cannot restore your health.


Message History

Okay, then.
The wolf attacks as you move away! The wolf bites you.
Your wolf bites Urug. x2
The wolf closely misses you.
The water moccasin attacks as you move away!
The water moccasin bites you but does no damage.
The wolf attacks as you move away! You block the wolf's attack.
Your wolf bites Urug but does no damage. x2
The water moccasin closely misses you. You block the wolf's attack.
Aiming: Quicksilver Bolt
Press: ? - help, Shift-Dir - straight line, f/p - Urug
Aim: Urug, wielding a +2 demon trident of venom, wearing a +0 scale mail, quivering javelins and carrying a wand of polymorph (4) (lightly wounded, weak-willed, ally target, umbra, 64% to hit)
The bolt of dispelling energy hits the water moccasin!
The water moccasin is heavily wounded.
The bolt of dispelling energy hits Urug!
Urug is lightly wounded.
Urug's magical effects unravel!
You block the wolf's attack. The water moccasin bites you!
Your wolf bites Urug.
Urug hits you from afar with a +2 demon trident of venom!!
You are poisoned.
The wolf bites you!
As you read the scroll of teleportation, it crumbles to dust.
You feel strangely unstable.
You feel very sick.
Your wolf closely misses Urug.
The water moccasin bites you.
* * * LOW HITPOINT WARNING * * *
You are lethally poisoned!
The water moccasin poisons you! You block the wolf's attack.
Your wolf barely misses Urug.
The water moccasin bites you but does no damage.
Urug hits you from afar with a +2 demon trident of venom!
* * * LOW HITPOINT WARNING * * *
You are more poisoned.
Your system rejects the healing.
You feel better. The wolf bites you.
* * * LOW HITPOINT WARNING * * *
Your wolf bites Urug but does no damage.
You block the water moccasin's attack. The wolf bites you.
* * * LOW HITPOINT WARNING * * *
Urug hits you from afar with a +2 demon trident of venom!!
You die...

##.##......#**#......,******
##..##.....## ##.....,,,,,,,**
#..####....####....#,,,,,,,,,*
...# #).....##...#*#........##
..## ##.........###*.........##
..### #..#........##.......>..#
..†P# #.###........#.........##
....# ####...[.....#*.........##
>...######......@..######.......#
....##P.........Sh....##.........
.>.####.........o.......##.......
..## #..........h.......##.......
.## #..................###......
## ###........?..........###...<.
# #.^........[..........##.#....
# ##........(...........#####...
#* *#....∩...#............# #...


You could see Urug (ally target), a water moccasin, a wolf (poisoned) and a
friendly wolf (charmed, weak-willed).

Vanquished Creatures
  Gastronok (Lair:1)
  A two-headed ogre (D:10)
  Pikel (D:4)
  Joseph (D:7)
  Maggie (D:7)
  Psyche (D:8)
  2 cane toads (Lair:1)
  A komodo dragon (Lair:1)
  A troll (D:9)
  Prince Ribbit (D:5)
  2 shadows
  8 yaks
  3 wyverns
  A steam dragon (D:7)
  7 water moccasins
  2 orc warriors (D:9)
  2 ice beasts
  2 sky beasts
  3 black bears
  2 wolves (Lair:1)
  4 centaurs
  2 phantoms
  2 kobold brigands
  Blork the orc (D:5)
  7 bullfrogs
  2 necrophages
  5 scorpions
  6 wights (D:7)
  10 killer bees (D:9)
  A howler monkey (D:9)
  3 hounds
  3 orc priests
  2 iguanas (D:5)
  7 orc wizards
  Robin (D:3)
  9 gnolls
  6 adders
  A white imp (D:6)
  A dart slug (D:3)
  17 orcs
  6 ball pythons
  5 bats
  8 endoplasms
  2 giant cockroaches
  12 goblins
  5 hobgoblins
  3 jackals (D:2)
  A quokka (D:2)
  3 frilled lizards
  19 kobolds
  4 rats
201 creatures vanquished.

Vanquished Creatures (collateral kills)
  A cane toad (Lair:1)
  A wight (D:7)
  An orc priest (D:7)
  An orc (D:7)
4 creatures vanquished.

Vanquished Creatures (others)
  3 wights (D:7)
  33 fungi
  45 plants
81 creatures vanquished.

Grand Total: 286 creatures vanquished

Notes
Turn   | Place    | Note
-------+----------+-------------------------------------------
     0 | D:1      | Zeldest the Vine Stalker Brigand began the quest for the
                  | Orb.
     0 | D:1      | Reached XP level 1. HP: 11/11 MP: 2/2
   334 | D:1      | Reached XP level 2. HP: 15/15 MP: 3/3
  1211 | D:2      | Found a faded altar of an unknown god.
  1219 | D:2      | Got Plato's Precepts of Conflict
  1283 | D:2      | Reached XP level 3. HP: 19/19 MP: 4/4
  1702 | D:2      | Reached skill level 5 in Stealth
  1794 | D:2      | Found a hazy altar of Hepliaklqana.
  1911 | D:2      | Gained mutation: Your natural rate of healing is unusually
                  | fast. [Vine Stalker growth]
  1911 | D:2      | Reached XP level 4. HP: 23/23 MP: 5/5
  2102 | D:3      | Noticed Robin
  2423 | D:3      | Killed Robin
  2619 | D:3      | Noticed Grinder
  2694 | D:4      | Noticed Pikel
  2694 | D:4      | Noticed a lemure
  2694 | D:4      | Noticed a lemure
  2694 | D:4      | Noticed a lemure
  2697 | D:4      | Noticed a lemure
  2705 | D:4      | Killed Pikel
  2706 | D:4      | Reached skill level 7 in Stealth
  2706 | D:4      | Reached XP level 5. HP: 5/30 MP: 1/6
  2706 | D:4      | Reached XP level 6. HP: 6/34 MP: 1/7
  2706 | D:4      | Reached XP level 7. HP: 6/38 MP: 1/8
  2819 | D:4      | Found an iron altar of Okawaru.
  3035 | D:4      | Found a hazy altar of Hepliaklqana.
  3042 | D:4      | Found an opulent altar of Gozag.
  3044 | D:4      | Found a snail-covered altar of Cheibriados.
  3046 | D:4      | Found a hide-covered altar of Uskayaw.
  3049 | D:4      | Found a shimmering altar of Xom.
  3490 | D:4      | Reached skill level 1 in Invocations
  3999 | D:5      | Entered Level 5 of the Dungeon
  3999 | D:5      | Noticed Blork the orc
  4007 | D:5      | Killed Blork the orc
  4023 | D:5      | Gained mutation: You have razor-sharp teeth. [Vine Stalker
                  | growth]
  4023 | D:5      | Reached XP level 8. HP: 42/42 MP: 10/10
  4054 | D:5      | Reached skill level 5 in Fighting
  4207 | D:5      | Reached skill level 8 in Stealth
  4466 | D:5      | Noticed Prince Ribbit
  4481 | D:5      | Killed Prince Ribbit
  4482 | D:5      | Reached skill level 5 in Short Blades
  4612 | D:5      | Found Ixegg's Neck Hole.
  5231 | D:6      | Reached XP level 9. HP: 40/48 MP: 8/12
  5294 | D:6      | Reached skill level 9 in Stealth
  5346 | D:6      | Found a transporter.
  5352 | D:6      | Noticed a kobold demonologist
  5358 | D:6      | Found a transporter.
  5831 | D:7      | Noticed Joseph
  5849 | D:7      | Killed Joseph
  5885 | D:7      | Found a staircase to the Ecumenical Temple.
  5893 | Temple   | Entered the Ecumenical Temple
  5900 | Temple   | Became a worshipper of Dithmenos the Shadowed
  6237 | D:7      | Noticed Maggie
  6393 | D:7      | Killed Maggie
  6394 | D:7      | Reached skill level 10 in Stealth
  6394 | D:7      | Reached skill level 5 in Invocations
  6564 | D:8      | Noticed Psyche
  6593 | D:8      | Killed Psyche
  6594 | D:8      | Reached XP level 10. HP: 53/53 MP: 13/15
  6763 | D:8      | Found a basalt altar of Yredelemnul.
  6955 | D:8      | Found a hazy altar of Hepliaklqana.
  7088 | D:8      | Reached * piety under Dithmenos
  7513 | D:9      | Reached skill level 11 in Stealth
  7669 | D:9      | Found a broken altar of Ashenzari.
  8018 | D:9      | Noticed an orange crystal statue
  8062 | D:9      | Identified the +9 spear of Ryicar {vorpal, *Slow rElec rF+
                  | rN+}
  8744 | D:10     | Entered Level 10 of the Dungeon
  8828 | D:10     | Found a staircase to the Lair.
  9076 | D:10     | Found an ornate altar of the Wu Jian Council.
  9153 | D:10     | Reached ** piety under Dithmenos
  9181 | D:10     | Reached XP level 11. HP: 60/60 MP: 17/17
  9244 | D:10     | Noticed a two-headed ogre
  9298 | D:10     | Killed a two-headed ogre
  9299 | D:10     | Reached skill level 12 in Stealth
  9823 | Lair:1   | Entered Level 1 of the Lair of Beasts
  9829 | Lair:1   | Noticed Urug
  9867 | Lair:1   | Noticed Gastronok
  9917 | Lair:1   | Killed Gastronok
  9975 | Lair:1   | Noticed a five-headed hydra
 10036 | Lair:1   | Found a gate leading to a gauntlet.
 10071 | Lair:1   | HP: 3/62 [wolf (3)]
 10071 | Lair:1   | HP: 1/62 [wolf (2)]
 10071 | Lair:1   | Annihilated by Urug

Illustrated notes

Levels and vault maps discovered:
D:1:      shiori_arrival_oz, layout_basic
D:2:      layout_basic, shapermc_ecumenical_altar_rom_forum, basic_altar
D:3:      layout_basic, uniq_robin, uniq_grinder
D:4:      layout_loops_ring, mainiacjoe_overflow_surrounded_room,
          chequers_temple_overflow_minitemple, feat_on_display, uniq_pikel
D:5:      layout_loops_ring, nicolae_shop_sticking_my_neck_out,
          uniq_blork_the_orc, uniq_prince_ribbit1
D:6:      gammafunk_wand_slinger, layout_loops_ring,
          chequers_serial_rivers_marsh, hangedman_decor_push
D:7:      layout_basic, minmay_temple_entry_sparse_star, uniq_maggie,
          uniq_joseph
D:8:      layout_gridville, overflow_temple_1_default, minivault_14,
          kennysheep_diamond, uniq_psyche
D:9:      layout_basic, mainiacjoe_overflow_catwalk, minmay_protected_statue
D:10:     layout_irregular_city, mainiacjoe_overflow_alcove_2,
          due_lair_maze_entry_diamond
Temple:   cyrus_circular_temple
Lair:1:   layout_cave_shapes, gauntlet_entry_generic, uniq_gastronok, uniq_urug

Skill      XL: |  1  2  3  4  5  6  7  8  9 10 11 |
---------------+----------------------------------+-----
Fighting       | 2 4 5 6 8 9 |  9.0
Throwing       | 2 |  2.6
Stealth        | 5 7 8 10 11 12 | 12.9
Short Blades   | 2 3 4 5 6 7 8 |  8.7
Invocations    | 1 3 5 7 8 |  8.3
Dodging        | |  0.7

Action                   |  1- 3 |  4- 6 |  7- 9 | 10-12 || total
-------------------------+-------+-------+-------+-------++-------
Melee: Dagger            |    63 |    58 |   193 |   268 ||   582
       Bite              |    20 |    22 |    63 |   114 ||   219
       Punch             |       |       |     3 |     1 ||     4
       Spear             |       |       |       |    28 ||    28
Throw: Dart              |    20 |     7 |    81 |    51 ||   159
       Boomerang         |     2 |       |       |       ||     2
Evoke: Wand              |       |       |    13 |    20 ||    33
  Use: Scroll            |       |       |    11 |    12 ||    23
       Potion            |       |       |       |     8 ||     8
 Stab: Sleeping          |     2 |     1 |    11 |    11 ||    25
       Distracted        |       |     1 |       |     1 ||     2
       Invisible         |       |       |       |     1 ||     1
Armor: Ring mail         |    10 |    23 |       |       ||    33
       Robe              |     1 |       |    36 |    52 ||    89
       Skin              |       |       |       |     3 ||     3
Dodge: Dodged            |    30 |    19 |    60 |   124 ||   233
Block: Buckler           |       |       |       |    40 ||    40
